 Dungeon Crawl Stone Soup version 0.32-a0-918-g0f22ef8d61 (webtiles) character file.

Game seed: 10869023896747400132

249 innerfire43 the Trooper (level 5, 0/43 HPs)
             Began as a Demonspawn Monk on Apr 10, 2024.
             Slain by a ribbon worm (1 damage)
             ... on level 3 of the Dungeon.
             The game lasted 00:02:59 (2253 turns).

innerfire43 the Trooper (Demonspawn Monk)           Turns: 2253, Time: 00:02:59

Health: 0/43       AC:  8    Str: 13    XL:     5   Next: 87%
Magic:  5/5        EV:  4    Int: 11    God:
Gold:   124        SH:  7    Dex: 15    Spells: 4/4 levels left

rFire   . . .        a - +0 hand axe
rCold   . . .        i - +0 kite shield
rNeg    . . .        j - +0 chain mail
rPois   .            (helmet restricted)
rElec   .            (no cloak)
rCorr   .            (no gloves)
SInv    .            (no boots)
Will    .....        (no amulet) Stlth
                     (no ring)
HPRegen 0.27/turn    (no ring)
MPRegen 0.09/turn

%: no passive effects
@: no status effects
A: hooves 1, horns 2
a: no special abilities


You were on level 3 of the Dungeon.
You visited 1 branch of the dungeon, and saw 3 of its levels.

You collected 124 gold pieces.

Inventory:

Hand Weapons
 a - a +0 hand axe (weapon)
 c - a +0 scythe
 f - a +3 dagger of venom
Armour
 b - a +0 robe
 d - an orb of light
 i - a +0 kite shield (worn)
 j - a +0 chain mail (worn)
Scrolls
 k - a scroll of teleportation {unknown}
 m - a scroll of fog {unknown}
 n - a scroll of noise {unknown}
 o - a scroll of identify
Potions
 e - a potion of brilliance
 g - a potion of might
 h - a potion of degeneration {unknown}
 l - a potion of curing


   Skills:
 + Level 4.5 Fighting
 * Level 3.8(4.0) Axes
 - Level 1.3(2.8) Polearms
 * Level 0.0 Armour
 - Level 4.0 Dodging


You had 4 spell levels left.
You didn't know any spells.
Your spell library contained the following spells:

 Spells                   Type           Power      Damage    Failure   Level
 Mercury Vapours          Alch/Air       0%         N/A       100%        2
 Mephitic Cloud           Conj/Alch/Air  0%         N/A       100%        3
 Freezing Cloud           Conj/Ice/Air   0%         6-21      100%        5


Dungeon Overview and Level Annotations

Branches:
Dungeon (3/15)

Altars:
Trog
Vehumet


Innate Abilities, Weirdness & Mutations

You have large cloven feet.
You have a pair of horns on your head.


Message History

You barely miss the ribbon worm.
The ribbon worm bites you but does no damage.
You block the ribbon worm's attack. The ribbon worm closely misses you.
Unknown command.
You barely miss the ribbon worm. You kick the ribbon worm.
The ribbon worm is severely wounded.
You hit the ribbon worm but do no damage.
The ribbon worm bites you but does no damage.
The ribbon worm completely misses you. The ribbon worm bites you.
Unknown command.
You hit the ribbon worm. You kick the ribbon worm.
Your headbutt misses the ribbon worm.
The ribbon worm is severely wounded.
You hit the ribbon worm. The ribbon worm bites you!
The ribbon worm barely misses you. You block the ribbon worm's attack.
Unknown command.
You barely miss the ribbon worm.
You kick the ribbon worm, but do no damage.
You headbutt the ribbon worm!
You kill the ribbon worm!
You hit the ribbon worm. The ribbon worm bites you! The ribbon worm bites you.
* * * LOW HITPOINT WARNING * * *
Unknown command.
The ribbon worm barely misses you.
Unknown command.
The ribbon worm bites you.
* * * LOW HITPOINT WARNING * * *
The ribbon worm completely misses you.
The ribbon worm bites you but does no damage.
You hit the ribbon worm but do no damage.
You kick the ribbon worm.
The ribbon worm is lightly wounded.
You block the ribbon worm's attack.
You barely miss the ribbon worm. You kick the ribbon worm.
You headbutt the ribbon worm.
The ribbon worm is heavily wounded.
The ribbon worm bites you!
* * * LOW HITPOINT WARNING * * *
The ribbon worm bites you.
You die...

#........##.#.#
##.[.........#.#
#.........####.####
#......#### #.(..##
#......#### #.....##
#####.....#
######..###
#.###.###....##...#
#....##...w...###.#
###...##))..@....##.#
#<....##....#†...##.#
#######....###...##.#
#)._.#y#......#
#....###...####
##....#....#
#.........#
##)......## ###....##


You could see a moth of wrath and a ribbon worm (berserk).

Vanquished Creatures
  Sigmund (D:2)
  Robin (D:2)
  3 gnolls (D:3)
  An adder (D:2)
  2 ribbon worms
  2 bats
  2 endoplasms (D:1)
  A giant cockroach (D:3)
  10 goblins
  5 hobgoblins
  A kobold (D:1)
  A quokka (D:2)
  7 ball pythons
  4 frilled lizards
  7 rats
48 creatures vanquished.

Notes
Turn   | Place    | Note
-------+----------+-------------------------------------------
     0 | D:1      | innerfire43 the Demonspawn Monk began the quest for the
                  | Orb.
     0 | D:1      | Reached XP level 1. HP: 18/18 MP: 1/1
   420 | D:1      | Discovered your monstrous ancestry.
   420 | D:1      | Gained mutation: You have a pair of small horns on your
                  | head. [demonic ancestry]
   420 | D:1      | Reached XP level 2. HP: 24/24 MP: 2/2
  1153 | D:2      | Noticed Sigmund
  1168 | D:2      | Killed Sigmund
  1169 | D:2      | Reached XP level 3. HP: 11/30 MP: 3/3
  1169 | D:2      | Gained mutation: You have a pair of horns on your head.
                  | [demonic ancestry]
  1169 | D:2      | Reached XP level 4. HP: 13/37 MP: 4/4
  1169 | D:2      | Gained mutation: You have large cloven feet. [demonic
                  | ancestry]
  1169 | D:2      | Reached XP level 5. HP: 15/42 MP: 5/5
  1473 | D:2      | Noticed Robin
  1484 | D:2      | Killed Robin
  1955 | D:3      | Reached skill level 1 in Polearms
  1991 | D:3      | Found a radiant altar of Vehumet.
  2229 | D:3      | Noticed a moth of wrath
  2233 | D:3      | Found a bloodstained altar of Trog.
  2253 | D:3      | HP: 1/43 [ribbon worm (8)]
  2253 | D:3      | Slain by a ribbon worm

Illustrated notes

Levels and vault maps discovered:
D:1:      dpeg_arrival_simpleton_a, layout_basic
D:2:      layout_loops_corners, uniq_sigmund, uniq_robin
D:3:      layout_basic, tgw_trog, nicolae_vehumet_radiance

Skill      XL: |  1  2  3  4  5 |
---------------+----------------+-----
Axes           | 3 |  3.8
Dodging        | 3 4 |  4.0
Fighting       | 4 |  4.5
Polearms       | 1 |  1.3

Action                     |  1- 3 |  4- 6 || total
---------------------------+-------+-------++-------
  Melee: Hand axe          |    52 |    44 ||    96
         Headbutt          |     5 |    10 ||    15
         Kick              |       |    20 ||    20
    Use: Potion            |     1 |     3 ||     4
         Scroll            |     1 |       ||     1
 Armour: Robe              |    13 |       ||    13
         Chain mail        |    25 |    71 ||    96
  Dodge: Dodged            |    13 |    15 ||    28
  Block: Kite shield       |     9 |    38 ||    47

Table legend: (Time is in decaauts)
 A = Elapsed time spent in this place.
 B = Non-inter-level travel time spent in this place.
 C = Inter-level travel time spent in this place.
 D = Time resting spent in this place.
 E = Time spent auto-exploring this place.
 F = Levels seen in this place.
 G = Mean time per level.
                   A        B        C        D        E       F      G
               +--------+--------+--------+--------+--------+-----+--------+
         Total |   2282 |   2243 |     39 |      0 |   1826 |   3 |  760.7 |
       Dungeon |   2282 |   2243 |     39 |      0 |   1826 |   3 |  760.7 |
               +--------+--------+--------+--------+--------+-----+--------+

Top non-repeatable levels by time:
     D:2: 1120 daAuts
     D:1: 824 daAuts
     D:3: 338 daAuts
